AoeStats
← amaaxime

Arabia

508002211Analyzed
1v1 RM · 12d ago on Sep 20, 2026· 35m 32s· 2 players
Game mode
Random Map
Map size
Tiny (2 player)
Population
200
Speed
Normal
Resources
Standard
Victory
Conquest
Starting age
Dark Age
Ending age
Imperial Age
RankedLock teamsTeams togetherTeam positionsShared explorationLock speedFull tech treeHidden civsTurbo modeCheats
Victory
Defeat
🇫🇷 Franks · France
898
+14
🇬🇧 Armenians · United Kingdom
864
-14
ahmedkhaledaljaberi
7:16 Loom
10:19 Feudal Age
10:24 Man-at-Arms
11:44 Long Swordsman
13:21 Arson
27:00 Castle Age
26:30 Horse Collar
29:13 Two-Handed Swordsman
amaaxime
10:10 Feudal Age
10:47 Double-Bit Axe
10:52 Man-at-Arms
15:09 Forging
17:35 Scale Mail Armor
18:23 Fletching
25:03 Castle Age
22:51 Loom
22:53 Town Watch
24:50 Padded Archer Armor
25:00 Gold Mining
25:10 Crossbowman
25:48 Bodkin Arrow
27:29 Stone Mining
31:21 Town Patrol
31:57 Wheelbarrow
33:05 Iron Casting
34:56 Murder Holes
36:01 Ballistics
Connection lost

Rejoining the realm…

Still unreachable

The connection could not be restored.

Session expired

The server has moved on; the page needs a fresh start.